 Dungeon Crawl Stone Soup version 0.27-a0-223-ge082b6e869 (webtiles) character file.

Game seed: 16311609137066988256

1082 lunkers the Geomancer (level 8, -4/41 HPs)
             Began as a Kobold Earth Elementalist on Feb 1, 2021.
             Was an Initiate of Gozag.
             Slain by a gnoll sergeant
             ... wielding a +1 trident of protection
              (13 damage)
             ... on level 7 of the Dungeon.
             The game lasted 00:10:03 (7958 turns).

lunkers the Geomancer (Kobold Earth Elementalist)   Turns: 7958, Time: 00:10:04

Health: -4/41      AC:  5    Str:  5    XL:     8   Next: 55%
Magic:  10/16      EV: 15    Int: 19    God:    Gozag
Gold:   927        SH:  5    Dex: 15    Spells: 12/18 levels left

rFire    . . .     SeeInvis .   d - +0 dagger
rCold    . . .     Faith    .   (shield restricted)
rNeg     + . .     Spirit   .   c - +0 robe
rPois    .         Reflect  +   (no helmet)
rElec    .         Harm     .   l - +0 cloak
rCorr    .         Rampage  .   (no gloves)
Will     .....                  D - +1 pair of boots
Stlth    ++++......             m - amulet of reflection
HPRegen  0.13/turn              a - ring of stealth
MPRegen  0.15/turn              y - ring of positive energy

@: gold aura
A: small, nightstalker 3
a: Renounce Religion, Potion Petition, Call Merchant, Bribe Branch


You were on level 7 of the Dungeon.
You worshipped Gozag.
Gozag was pleased with you.
You visited 1 branch of the dungeon, and saw 7 of its levels.

You collected 962 gold pieces.
You paid 35 gold pieces to Gozag.

Inventory:

Hand Weapons
 d - a +0 dagger (weapon)
Missiles
 b - 38 stones
 E - 2 throwing nets
Armour
 c - a +0 robe (worn)
 l - a +0 cloak (worn)
 D - a +1 pair of boots (worn)
Jewellery
 a - a ring of stealth (left hand)
 i - an uncursed ring of resist corrosion
 m - an amulet of reflection (around neck)
 y - a ring of positive energy (right hand)
 H - an uncursed amulet of magic regeneration {unknown}
Wands
 p - a wand of polymorph (8)
 u - a wand of mindburst (7)
Scrolls
 e - 2 scrolls of fear {unknown}
 h - 2 scrolls of magic mapping {unknown}
 j - a scroll of random uselessness {unknown}
 k - 5 scrolls of remove curse {unknown}
 n - 4 scrolls of identify {unknown}
 q - a scroll of blinking {unknown}
 s - 3 scrolls of enchant weapon {unknown}
 w - 4 scrolls of teleportation {unknown}
 x - a scroll of amnesia {unknown}
 F - 3 scrolls of enchant armour {unknown}
Potions
 f - a potion of ambrosia {unknown}
 g - a potion of experience {unknown}
 o - 2 potions of attraction {unknown}
 r - 2 potions of might {unknown}
 t - a potion of cancellation {unknown}
 v - 2 potions of resistance {unknown}
 z - 2 potions of magic {unknown}
 A - 3 potions of heal wounds {unknown}
 B - 4 potions of curing
 C - a potion of berserk rage {unknown}
 G - a potion of degeneration {unknown}


   Skills:
 - Level 2.4 Dodging
 - Level 2.6 Stealth
 + Level 5.8 Spellcasting
 - Level 1.0 Transmutations
 * Level 8.3 Earth Magic


You had 12 spell levels left.
You knew the following spells:

 Your Spells              Type           Power        Failure   Level
a - Sandblast             Erth           74%          1%          1
b - Passwall              Tmut/Erth      19%          2%          2
c - Stone Arrow           Conj/Erth      42%          6%          3

Your spell library contained the following spells:

 Spells                   Type           Power        Failure   Level
 Lee's Rapid Deconstruct  Erth           18%          10%         5
 Summon Small Mammal      Summ           20%          12%         1
 Call Imp                 Summ           5%           17%         2
 Petrify                  Tmut/Erth      23%          17%         4
 Call Canine Familiar     Summ           5%           34%         3
 Summon Guardian Golem    Hex/Summ       5%           34%         3
 Summon Ice Beast         Ice/Summ       5%           75%         4
 Summon Lightning Spire   Summ/Air       5%           75%         4


Dungeon Overview and Level Annotations

Branches:
Dungeon (7/15)             Temple (0/1) D:5

Altars:
Ashenzari
Dithmenos
Fedhas
Gozag
Nemelex Xobeh
Sif Muna

Shops:
D:4 [


Innate Abilities, Weirdness & Mutations

You are small and have problems with some larger weapons.
You are completely attuned to the shadows.


Message History

Aiming: Sandblast (safe; 1% risk of failure)
Press: ? - help, Shift-Dir - straight line, f/p - gnoll sergeant
Aim: a gnoll sergeant, wielding a +1 trident of protection and wearing a +0 ring mail (moderately wounded, 13% to evade)
The blast of sand hits the killer bee zombie!
The killer bee zombie is heavily damaged.
The gnoll shouts!
You hear a shout! x2
The killer bee zombie closely misses you.
The killer bee zombie barely misses you.
Unknown command.
Unknown command.
Casting: Sandblast (safe; 1% risk of failure)
Confirm with . or Enter, or press ? or * to list all spells.
Aiming: Sandblast (safe; 1% risk of failure)
Press: ? - help, Shift-Dir - straight line, f/p - gnoll sergeant
Aim: a gnoll sergeant, wielding a +1 trident of protection and wearing a +0 ring mail (moderately wounded, 13% to evade)
The blast of sand hits the killer bee zombie!!
You destroy the killer bee zombie!
The gnoll sergeant hits you from afar with a +1 trident of protection!
You die...
Your body crumbles into a pile of gold.

#.# #.# # #.# #.# # $
#.# #.# # #.####
#.#####
#######....###......
#..........#.[.....#
####..........#.......#
.....####..#.##.......#
...gg$@.#.............#
.....##......##.......#
####.####..####.......#
#.......# #.......#
#.......# #########
###.## #.# ########
#.####......#
#...........###


You could see a gnoll sergeant and a gnoll.

Vanquished Creatures
  Sigmund (D:5)
  A hornet zombie (D:6)
  A centaur (D:6)
  A bullfrog (D:6)
  A scorpion (D:4)
  A howler monkey (D:6)
  2 jellies (D:6)
  2 orc priests
  2 bullfrog skeletons (D:6)
  An orc wizard (D:5)
  3 worker ants
  A killer bee zombie (D:7)
  A worker ant zombie (D:6)
  4 gnolls (D:5)
  7 adders
  3 shadow imps
  A white imp (D:6)
  An ufetubus (D:6)
  An ooze (D:3)
  An adder skeleton (D:6)
  3 worms
  2 dart slugs
  2 leopard geckos (D:5)
  15 orcs
  6 giant cockroaches
  12 goblins
  6 hobgoblins
  3 jackals (D:6)
  10 kobolds
  3 quokkas
  21 bats
  9 frilled lizards
  11 rats
139 creatures vanquished.

Vanquished Creatures (others)
  10 plants (D:2)
10 creatures vanquished.

Grand Total: 149 creatures vanquished

Notes
Turn   | Place    | Note
-------+----------+-------------------------------------------
     0 | D:1      | lunkers the Kobold Earth Elementalist began the quest for
                  | the Orb.
     0 | D:1      | Reached XP level 1. HP: 10/10 MP: 3/3
   298 | D:1      | Reached XP level 2. HP: 15/15 MP: 3/5
   756 | D:1      | Reached XP level 3. HP: 19/19 MP: 4/6
   759 | D:1      | Learned a level 2 spell: Passwall
   763 | D:1      | Learned a level 3 spell: Stone Arrow
  1592 | D:2      | Reached skill level 4 in Earth Magic
  1597 | D:2      | Reached XP level 4. HP: 7/24 MP: 0/8
  2375 | D:2      | Reached XP level 5. HP: 28/28 MP: 4/9
  2420 | D:2      | Found an opulent altar of Gozag.
  2495 | D:2      | Became a worshipper of Gozag Ym Sagoz the Greedy
  3282 | D:3      | Found a faded altar of an unknown god.
  3535 | D:3      | Reached skill level 5 in Earth Magic
  4466 | D:4      | Found Geur's Armour Shoppe.
  4500 | D:4      | Reached XP level 6. HP: 22/32 MP: 5/11
  4704 | D:4      | Found a sparkling altar of Nemelex Xobeh.
  5041 | D:5      | Entered Level 5 of the Dungeon
  5067 | D:5      | Noticed Sigmund
  5257 | D:5      | Killed Sigmund
  5258 | D:5      | Reached skill level 6 in Earth Magic
  5258 | D:5      | Reached XP level 7. HP: 22/36 MP: 8/13
  5587 | D:5      | Found a blossoming altar of Fedhas.
  5588 | D:5      | Found a shimmering blue altar of Sif Muna.
  5590 | D:5      | Found a shadowy altar of Dithmenos.
  5873 | D:5      | Found a staircase to the Ecumenical Temple.
  5938 | D:5      | Found a broken altar of Ashenzari.
  6698 | D:6      | Reached skill level 5 in Spellcasting
  6698 | D:6      | Reached skill level 7 in Earth Magic
  6813 | D:6      | Reached XP level 8. HP: 41/41 MP: 12/15
  7187 | D:6      | Reached skill level 8 in Earth Magic
  7958 | D:7      | Slain by a gnoll sergeant

Illustrated notes

Levels and vault maps discovered:
D:1:      evilmike_arrival_rings, layout_basic, serial_bayou_ford_a,
          chequers_serial_rivers_room_a, minmay_hedge_maze,
          serial_bayou_crossing
D:2:      layout_loops_ring, nicolae_overflow_crystal_walls, serial_forest,
          infiniplex_forest_lined_3_way, infiniplex_forest_zigzag_1,
          infiniplex_forest_lined_room_2, infiniplex_forest_clump_small,
          infiniplex_forest_clump_curved, infiniplex_forest_zigzag_2,
          infiniplex_forest_straight_3, infiniplex_forest_end_2,
          infiniplex_forest_pool, infiniplex_forest_clump_tiny,
          minmay_joined_circles
D:3:      layout_rooms, chequers_ecumenical_altar_island,
          kennysheep_generic_room_9
D:4:      layout_gridville, nicolae_overflow_hidden_temple, serial_shops, shop
D:5:      layout_basic, ashenzari_conservatory_becter, minitemple,
          minmay_temple_entry_wispy, grunt_ministairs_12, uniq_sigmund
D:6:      lemuel_upstairs_altar, layout_basic, serial_corexii_hall,
          corexii_hall_statues_deadend, corexii_hall_statues_x,
          corexii_hall_statues_x, minmay_misc_feat_secret_circle, st_stairs_14
D:7:      layout_loops_cross

Skill      XL: |  1  2  3  4  5  6  7  8 |
---------------+-------------------------+-----
Earth Magic    | 4 5 6 7 8 |  8.3
Spellcasting   | 3 4 5 |  5.8
Dodging        | |  2.4
Stealth        | |  2.6
Transmutations | |  1.0

Action                   |  1- 3 |  4- 6 |  7- 9 || total
-------------------------+-------+-------+-------++-------
Melee: Unarmed           |     7 |       |       ||     7
       Dagger            |     1 |   186 |       ||   187
 Cast: Sandblast         |    45 |    96 |    80 ||   221
  Use: Potion            |       |     1 |       ||     1
Armor: Robe              |     5 |       |     1 ||     6
Dodge: Dodged            |    14 |    14 |    19 ||    47
Block: Other             |       |     1 |     3 ||     4
       Reflection        |       |       |     1 ||     1

Table legend: (Time is in decaauts)
 A = Elapsed time spent in this place.
 B = Non-inter-level travel time spent in this place.
 C = Inter-level travel time spent in this place.
 D = Time resting spent in this place.
 E = Time spent auto-exploring this place.
 F = Levels seen in this place.
 G = Mean time per level.
                   A        B        C        D        E       F      G
               +--------+--------+--------+--------+--------+-----+--------+
         Total |   7985 |   7708 |    277 |    245 |   6519 |   7 | 1140.7 |
       Dungeon |   7985 |   7708 |    277 |    245 |   6519 |   7 | 1140.7 |
               +--------+--------+--------+--------+--------+-----+--------+

Top non-repeatable levels by time:
     D:2: 1647 daAuts
     D:1: 1556 daAuts
     D:5: 1458 daAuts
     D:4: 1234 daAuts
     D:6: 1170 daAuts
     D:3: 795 daAuts
     D:7: 122 daAuts
